 Dungeon Crawl Stone Soup version 0.19-a0-1672-g679cadd (webtiles) character file.

19 Amnesiac the Ogre Mage (level 2, -6/24 HPs)
             Began as an Ogre Wizard on Sept 23, 2016.
             Mangled by a worm (10 damage)
             ... on level 4 of the Dungeon.
             The game lasted 00:02:21 (552 turns).

Amnesiac the Ogre Mage (Ogre Wizard)                 Turns: 552, Time: 00:02:21

Health: -6/24      AC:  4    Str: 11    XL:     2   Next: 75%
Magic:  4/7        EV: 10    Int: 22    God:
Gold:   30         SH:  0    Dex:  8    Spells: 2 memorised, 6 levels left

rFire  . . .     SeeInvis .     (no weapon)
rCold  . . .     Gourm    .     a - +0 robe
rNeg   . . .     Faith    .     (no shield)
rPois  .         Spirit   .     b - +1 hat
rElec  .         Dismiss  .     (no cloak)
rCorr  .         Reflect  .     (gloves unavailable)
MR     .....     Harm     .     (boots unavailable)
Stlth  +.........               (no amulet)
                                (no ring)
                                (no ring)

@: brilliant, lethally poisoned (-6 -> -14), very slightly contaminated, repel
missiles
A: unfitting armour, tough skin 1
a: no special abilities


You were on level 4 of the Dungeon.
You were not hungry.

You visited 1 branch of the dungeon, and saw 4 of its levels.

You collected 30 gold pieces.

Inventory:

Armour
 a - a +0 robe (worn)
 b - a +1 hat (worn)
Scrolls
 e - a scroll of fog
Potions
 i - a potion of curing
Books
 c - a book of Minor Magic

   Spells                             Type                      Level
   a - Magic Dart                     Conjuration                  1
   b - Blink                          Translocation                2
   c - Call Imp                       Summoning                    2
   d - Repel Missiles                 Charms/Air                   2
   e - Slow                           Hexes                        2
   f - Conjure Flame                  Conjuration/Fire             3
   g - Mephitic Cloud                 Conjuration/Poison/Air       3
Comestibles
 d - 2 bread rations
 g - a slice of pizza


   Skills:
 - Level 1.7 Dodging
 - Level 1.5 Stealth
 - Level 4.0 Spellcasting
 + Level 1.5 Conjurations
   Level 0.6 Summonings
   Level 0.6 Translocations


You had 6 spell levels left.
You knew the following spells:

 Your Spells              Type           Power        Failure   Level  Hunger
a - Repel Missiles        Chrm/Air       ###...       2%          2    #......
z - Magic Dart            Conj           ###.         1%          1    None


Dungeon Overview and Level Annotations

Branches:
Dungeon (4/15)
 Temple: D:4-7

Altars:


Innate Abilities, Weirdness & Mutations

You are too large for most types of armour.
You have tough skin. (AC +1)


Message History

Confirm with . or Enter, or press ? or * to list all spells.
Aiming: Magic Dart
Press: ? - help, Shift-Dir - straight line, f/p - worker ant
Aim: a worker ant (blue smoke, lightly wounded)
The magic dart hits the worker ant.
The worker ant is lightly wounded.
The worker ant bites you.
You are poisoned.
The worker ant poisons you! The worker ant bites you.
* * * LOW HITPOINT WARNING * * *
Casting: Magic Dart
Confirm with . or Enter, or press ? or * to list all spells.
Aiming: Magic Dart
Press: ? - help, Shift-Dir - straight line, f/p - worker ant
Aim: a worker ant (blue smoke, lightly wounded)
The magic dart hits the worker ant.
The worker ant is moderately wounded.
* * * LOW HITPOINT WARNING * * *
You feel sick. The worm bites you!
You die...

... .## ..##..
.. #.##.# .#
###.##.# ##.##
...##.#
######...####
#..##.#
#§§§.a......#
#..##.#
#§####......#
##..##.###a#
##.......
#.....<.§w@#
.....##
#....###..#####
%....# ..w...
#..# ##.###
.#... #.## .#
....# ..# #
.### .##. #. .
# . .#


You could see a worm and a worker ant.

Vanquished Creatures
  An adder (D:3)
  2 leopard geckos
  A hobgoblin (D:3)
  A ball python (D:4)
  A bat (D:3)
  5 rats
11 creatures vanquished.

Notes
Turn   | Place    | Note
-------+----------+-------------------------------------------
     0 | D:1      | Amnesiac the Ogre Wizard began the quest for the Orb.
     0 | D:1      | Reached XP level 1. HP: 16/16 MP: 5/5
    49 | D:1      | Reached skill level 1 in Conjurations
   167 | D:3      | Reached XP level 2. HP: 18/24 MP: 0/6
   189 | D:3      | Learned a level 2 spell: Repel Missiles
   338 | D:3      | Reached skill level 4 in Spellcasting
   552 | D:4      | Mangled by a worm

Vault maps used:
D:1:      dpeg_arrival_another_circle
D:2:      ecumenical_altar_2, corexii_shack
D:3:      minmay_door_path, brannock_xom_greatest_gift
D:4:      first_bread, serial_shops, shop

Skill      XL: |  1  2 |
---------------+-------+-----
Conjurations   | 1 |  1.5
Spellcasting   | 4 |  4.0
Dodging        | |  1.7
Stealth        | |  1.5
Summonings     | |  0.6
Translocations | |  0.6

Action                   || total
-------------------------++-------
 Cast: Magic Dart        ||    29
       Repel Missiles    ||     1
  Use: Scroll            ||     3
       Potion            ||     1
Armor: Robe              ||     4
Dodge: Dodged            ||    10
